 Dungeon Crawl Stone Soup version 0.26-a0-835-g8259106e14 (webtiles) character file.

Game seed: 6371846903962994905

52 pablito the Insei (level 3, -2/23 HPs)
             Began as an Octopode Transmuter on Nov 17, 2020.
             Slain by an adder (3 damage)
             ... on level 2 of the Dungeon.
             The game lasted 00:03:14 (735 turns).

pablito the Insei (Octopode Transmuter)              Turns: 735, Time: 00:03:15

Health: -2/23      AC:  1    Str:  9    XL:     3   Next: 85%
Magic:  5/6        EV: 13    Int: 15    God:
Gold:   25         SH:  0    Dex: 13    Spells: 2/6 levels left

rFire    x . .     SeeInvis .     - Unarmed
rCold    + . .     Faith    .   (no shield)
rNeg     . . .     Spirit   .   (helmet restricted)
rPois    .         Reflect  .   (no amulet)
rElec    .         Harm     .   a - ring of ice
rCorr    .         Rampage  .   (no ring)
MR       .....                  (no ring)
Stlth    +++.......             (no ring)
HPRegen  0.07/turn              (no ring)
MPRegen  0.10/turn              (no ring)
                                (no ring)
                                (no ring)

@: lethally poisoned (-2 -> -5)
A: almost no armour, stealthy swim, amphibious, 8 rings, constrict 8, camouflage
1, gelatinous body 1
a: no special abilities


You were on level 2 of the Dungeon.
You visited 1 branch of the dungeon, and saw 2 of its levels.

You collected 25 gold pieces.

Inventory:

Hand Weapons
 e - a +0 hunting sling
Missiles
 c - 15 sling bullets
Jewellery
 a - a ring of ice (left tentacle)
Scrolls
 d - 3 scrolls of remove curse {unknown}
 f - 2 scrolls of teleportation {unknown}
 g - 2 scrolls of identify {unknown}
Potions
 b - a potion of cancellation


   Skills:
 + Level 1.4 Fighting
 + Level 2.3 Dodging
 + Level 1.7 Stealth
 * Level 3.6 Unarmed Combat
 + Level 2.3 Spellcasting
 + Level 2.2 Transmutations


You had 2 spell levels left.
You knew the following spells:

 Your Spells              Type           Power        Failure   Level
a - Beastly Appendage     Tmut           #.....       9%          1
b - Spider Form           Tmut/Pois      #.........   38%         3

Your spell library contained the following spells:

 Spells                   Type           Power        Failure   Level
 Wereblood                Tmut           #.......     13%         2
 Ice Form                 Ice/Tmut       #.......     80%         4
 Blade Hands              Tmut           #.........   94%         5


Dungeon Overview and Level Annotations

Branches:
Dungeon (2/15)

Altars:


Innate Abilities, Weirdness & Mutations

You cannot wear most types of armour.
You are very stealthy in the water. (Stealth+)
You are amphibious.
You can wear up to eight rings at the same time.
You can use your tentacles to constrict eight enemies at once.
Your skin changes colour to match your surroundings (Stealth+).
Your rubbery body absorbs attacks. (AC +1, EV +1)


Message History

You see here a quokka corpse.
It was a potion of cancellation.
Your magical effects are unravelling.
You feel magically purged.
Your tentacle spike disappears.
* * * LOW HITPOINT WARNING * * *
You feel sick. The adder bites you.
* * * LOW HITPOINT WARNING * * *
You closely miss the adder. Your grab misses the adder.
The adder is moderately wounded.
The adder closely misses you.
You closely miss the adder. You grab the adder.
The adder is moderately wounded.
You constrict the adder.
* * * LOW HITPOINT WARNING * * *
You feel sick. The adder misses you.
You tentacle-slap the adder.
The adder is severely wounded.
You constrict the adder. The adder closely misses you. The adder bites you.
You die...

.....#...####.##
.........#.. .....
.........#.##.##.#
.....†...#.##.##.#
.#.#..........##.####
##.###.#####........#
# #.# #........ ...
#.###.#.. .....
#....@# ......
#..##S# #.......
#...#w...# #.......
#....$#..# #..?#$##.#
#.#.#.. ..# #...#.##
.# ##..... # # #.#


You could see a worm and an adder.

Vanquished Creatures
  2 adders (D:2)
  An ooze (D:1)
  A giant cockroach (D:2)
  3 goblins (D:1)
  4 hobgoblins
  4 jackals (D:2)
  3 kobolds (D:1)
  2 quokkas (D:2)
  A ball python (D:1)
  2 bats (D:1)
  A frilled lizard (D:1)
  2 rats (D:1)
26 creatures vanquished.

Notes
Turn   | Place    | Note
-------+----------+-------------------------------------------
     0 | D:1      | pablito the Octopode Transmuter began the quest for the
                  | Orb.
     0 | D:1      | Reached XP level 1. HP: 13/13 MP: 3/3
   172 | D:1      | Reached XP level 2. HP: 17/18 MP: 5/5
   342 | D:1      | Reached skill level 1 in Stealth
   569 | D:2      | Reached XP level 3. HP: 19/23 MP: 6/6
   598 | D:2      | Learned a level 3 spell: Spider Form
   734 | D:2      | HP: 1/23 [poisoned by an adder]
   735 | D:2      | Slain by an adder

Illustrated notes

Levels and vault maps discovered:
D:1:      elethiomel_arrival_quiet, layout_rooms
D:2:      layout_loops_cross, minitemple, chequers_ecumenical_altar_island,
          minmay_tromino_mix6

Skill      XL: |  1  2 |
---------------+-------+-----
Stealth        | 1 |  1.7
Fighting       | |  1.4
Dodging        | |  2.3
Unarmed Combat | |  3.6
Spellcasting   | |  2.3
Transmutations | |  2.2

Action                   || total
-------------------------++-------
Melee: Unarmed           ||    50
       Tentacles         ||    12
       Constrict         ||    17
       Punch             ||     1
 Fire: Hunting sling     ||    26
 Cast: Beastly Appendage ||     1
  Use: Potion            ||     1
 Stab: Sleeping          ||     5
Armor: Skin              ||     6
Dodge: Dodged            ||    37

Table legend: (Time is in decaauts)
 A = Elapsed time spent in this place.
 B = Non-inter-level travel time spent in this place.
 C = Inter-level travel time spent in this place.
 D = Time resting spent in this place.
 E = Time spent auto-exploring this place.
 F = Levels seen in this place.
 G = Mean time per level.
                   A        B        C        D        E       F      G
               +--------+--------+--------+--------+--------+-----+--------+
         Total |    732 |    717 |     15 |      0 |    533 |   2 |  366.0 |
       Dungeon |    732 |    717 |     15 |      0 |    533 |   2 |  366.0 |
               +--------+--------+--------+--------+--------+-----+--------+

Top non-repeatable levels by time:
     D:1: 555 daAuts
     D:2: 176 daAuts
